[Event "*** Titled Tuesday 3|2 Blitz"]
[Site "Chess.com"]
[Date "2016.04.05"]
[Round "1"]
[White "Boryboy"]
[Black "Andrejkin"]
[Result "1-0"]
[WhiteElo "2469"]
[BlackElo "2116"]
[TimeControl "180+2"]
[EndTime "11:03:07 PDT"]
[Termination "Boryboy won by resignation"]

1. d4 Nf6 2. c4 g6 3. Nc3 d5 4. cxd5 Nxd5 5. Bd2 Bg7 6. e4 Nxc3 7. Bxc3 O-O 8. Bc4 b6 9. h3 Ba6 10. Bxa6 Nxa6 11. Qe2 Qc8 12. Nf3 c5 13. d5 c4 14.
O-O b5 15. Rac1 Nc5 16. Bxg7 Kxg7 17. b3 Nd3 18. Rc3 Qc5 19. Qxd3 Rac8 20. bxc4 bxc4 21. Qd4+ Qxd4 22. Nxd4 1-0

[Event "*** Titled Tuesday 3|2 Blitz"]
[Site "Chess.com"]
[Date "2016.04.05"]
[Round "1"]
[White "AlexanderL"]
[Black "jup1978"]
[Result "1-0"]
[WhiteElo "2570"]
[BlackElo "2248"]
[TimeControl "180+2"]
[EndTime "11:03:38 PDT"]
[Termination "AlexanderL won by resignation"]

1. d4 d5 2. Bf4 e6 3. e3 Nf6 4. Nf3 c5 5. c3 Nc6 6. Nbd2 Bd6 7. Bg3 b6 8. Bd3 Bb7 9. Qe2 a6 10. Rd1 Qc7 11. Bxd6 Qxd6 12. e4 dxe4 13. Nxe4 Nxe4 14. Bxe4 cxd4 15. Nxd4 Qc7 16. Nf5 exf5 17. Bxc6+ Kf8 18. Rd7 Qxd7 19. Bxd7 Bxg2 20. Rg1 Bd5 21. Qe5 1-0

[Event "*** Titled Tuesday 3|2 Blitz"]
[Site "Chess.com"]
[Date "2016.04.05"]
[Round "1"]
[White "KuzubovYuriy"]
[Black "GM_Levan_Pantsulaia"]
[Result "0-1"]
[WhiteElo "2619"]
[BlackElo "2412"]
[TimeControl "180+2"]
[EndTime "11:03:56 PDT"]
[Termination "GM_Levan_Pantsulaia won by resignation"]

1. d4 Nf6 2. c4 c5 3. d5 g6 4.
Nc3 Bg7 5. e4 O-O 6. Bd3 e6 7.
h3 exd5 8. exd5 Re8+ 9. Nge2 d6 10. O-O Nbd7 11. f4 a6 12. a4 Nh5 13. g4 Bxc3 14. Nxc3 Qh4 15. Rf3 Re1+ 16. Kg2 Rxd1 17. Nxd1 Ng7 18. Nf2 f5 19. g5 h6 20. gxh6 Qxh6 21.
Bd2 Nf6 22. a5 Bd7 23. b4 Re8 24. bxc5 dxc5 25. Rb1 Ne4 26. Bc1 Nxf2 27. Rxf2 Bc8 28. Bd2 Nh5 29. Rb6 Qg7 30. Be2 Kh7 0-1

[Event "*** Titled Tuesday 3|2 Blitz"]
[Site "Chess.com"]
[Date "2016.04.05"]
[Round "1"]
[White "alturas_pacificas"]
[Black "jk13"]
[Result "0-1"]
[WhiteElo "2095"]
[BlackElo "2435"]
[TimeControl "180+2"]
[EndTime "11:03:56 PDT"]
[Termination "jk13 won by resignation"]

1. d4 Nf6 2. Bf4 e6 3. e3 d5 4. Nd2 c5 5. c3 Nc6 6. Ngf3 Bd6 7. Bg3 O-O 8. Bd3 b6 9. Ne5 Bb7 10. f4 Ne7 11. Qf3 Nf5 12. Bf2 Be7 13. Bxf5 exf5 14. g4 fxg4 15. Nxg4 Nxg4 16. Qxg4 Bf6 17. O-O-O Bc8 18.
Qg2 Bf5 19. Nf3 Be4 20. Qg3 Qe8 21. Rhg1 Qa4 22. Rd2 Qxa2 23. Kd1 Qa1+ 24. Ke2 Qa6+ 25. Kd1 Qa4+ 26. Ke2 Qb5+ 27. Kd1 cxd4 28. exd4 Bxf3+ 29. Qxf3 Rfe8 30. Re1 Qa4+ 0-1

[Event "*** Titled Tuesday 3|2 Blitz"]
[Site "Chess.com"]
[Date "2016.04.05"]
[Round "1"]
[White "Janosik"]
[Black "MateusViageiro"]
[Result "1-0"]
[WhiteElo "2573"]
[BlackElo "2265"]
[TimeControl "180+2"]
[EndTime "11:05:12 PDT"]
[Termination "Janosik won by resignation"]

1. d4 Nf6 2. c4 e6 3. Nc3 Bb4 4. Qc2 O-O 5. Nf3 b6 6. e4 Bb7 7.
e5 Ne4 8. Bd3 f5 9. O-O Nxc3 10.
bxc3 Be7 11. d5 g6 12. Bh6 Rf7 13. Nd4 exd5 14. e6 dxe6 15. Nxe6 Qd7 16. Rfe1 Na6 17. cxd5 Qxd5 18. Nf4 Qc5 19. Qb3 g5 20. Bc4 gxf4 21. Bxf7+ Kh8 22. Qe6 Qd6 23. Qxe7 Qxh6 24.
Rad1 Qc6 25. Qe5+ 1-0

[Event "*** Titled Tuesday 3|2 Blitz"]
[Site "Chess.com"]
[Date "2016.04.05"]
[Round "1"]
[White "Aygehovit1992"]
[Black "FearlessKing64"]
[Result "1-0"]
[WhiteElo "2445"]
[BlackElo "2110"]
[TimeControl "180+2"]
[EndTime "11:05:19 PDT"]
[Termination "Aygehovit1992 won by checkmate"]

1. e4 c5 2. Nf3 d6 3. d4 cxd4 4. Nxd4 Nf6 5. Nc3 a6 6. h3 g6 7. g4 Bg7 8. Bg2 O-O 9. Be3 Nc6 10. Qd2 Nxd4 11. Bxd4 Be6 12. f4 Rc8 13. f5 Bc4 14. b3 Bb5 15. Nxb5 axb5 16. O-O Qc7 17. Rf2 Rfd8 18. Raf1 d5 19. exd5 Nxd5 20. Bxg7 Kxg7 21. Bxd5 Qg3+ 22. Rg2 Qxh3 23. fxg6 e6 24. Rxf7+ Kg8 25. Qf4 Rxd5 26. gxh7+ Kh8 27. Qf6# 1-0

[Event "*** Titled Tuesday 3|2 Blitz"]
[Site "Chess.com"]
[Date "2016.04.05"]
[Round "1"]
[White "Titus369"]
[Black "Keranke"]
[Result "0-1"]
[WhiteElo "2232"]
[BlackElo "2560"]
[TimeControl "180+2"]
[EndTime "11:05:27 PDT"]
[Termination "Keranke won by checkmate"]

1. e4 g6 2. d4 Bg7 3. Nf3 d6 4. Be3 Bg4 5. Be2 Nf6 6. Nc3 O-O 7. O-O Nc6 8. h3 Bxf3 9. Bxf3 Nd7 10. Be2 e5 11. d5 Nd4 12. Bd3 c5 13. Nb1 f5 14.
f3 b5 15. Re1 fxe4 16. fxe4 Qh4 17. c3 Nf3+ 18. gxf3 Qg3+ 19. Kh1 Qxh3+ 20. Kg1 Qg3+ 21.
Kh1 Rxf3 22. Qd2 Qh4+ 23. Kg1 Rg3+ 24. Kf1 Rf8+ 25. Ke2 Qg4# 0-1

[Event "*** Titled Tuesday 3|2 Blitz"]
[Site "Chess.com"]
[Date "2016.04.05"]
[Round "1"]
[White "KNVB"]
[Black "dusanacns"]
[Result "0-1"]
[WhiteElo "2381"]
[BlackElo "2306"]
[TimeControl "180+2"]
[EndTime "11:05:36 PDT"]
[Termination "dusanacns won by resignation"]

1. d4 d6 2. c4 g6 3. e4 Bg7 4. Be3 Nf6 5. f3 O-O 6. Ne2 c6 7. Nec3 a6 8. c5 b5 9. cxd6 exd6 10.
Be2 Re8 11. Bf2 Nbd7 12. O-O Bb7 13. Re1 c5 14. Bf1 Rc8 15. Qd3 cxd4 16. Bxd4 Ne5 17. Qe3 d5 18. Bb6 Qd7 19. Nd2 b4 20. Nd1 dxe4 21.
Nxe4 Nd5 22. Qf2 Nxb6 23. Qxb6 Nxf3+ 24. gxf3 Bd4+ 25. Kh1 Bxb6 0-1

[Event "*** Titled Tuesday 3|2 Blitz"]
[Site "Chess.com"]
[Date "2016.04.05"]
[Round "1"]
[White "Spas_Kozhuharov"]
[Black "AungTZ"]
[Result "1-0"]
[WhiteElo "2477"]
[BlackElo "2133"]
[TimeControl "180+2"]
[EndTime "11:05:46 PDT"]
[Termination "Spas_Kozhuharov won on time"]

1. d4 Nf6 2. c4 e6 3. Nc3 Bb4 4. Qc2 b6 5. e4 Bxc3+ 6. bxc3 d6 7. f4 Bb7 8. Bd3 e5 9. Nf3 Nbd7 10. O-O O-O 11.
fxe5 dxe5 12. Bg5 Qe8 13. Rae1 Kh8 14. Qf2 exd4 15. e5 Ng8 16. cxd4 Bxf3 17. Qxf3 Qe6 18.
d5 1-0

[Event "*** Titled Tuesday 3|2 Blitz"]
[Site "Chess.com"]
[Date "2016.04.05"]
[Round "1"]
[White "ChadaevNikolay"]
[Black "LittlePeasant"]
[Result "0-1"]
[WhiteElo "2566"]
[BlackElo "2352"]
[TimeControl "180+2"]
[EndTime "11:05:52 PDT"]
[Termination "LittlePeasant won by resignation"]

1. e4 c5 2. Nf3 e6 3. d4 cxd4 4. Nxd4 Nc6 5. Nc3 Qc7 6. g3 a6 7.
Bg2 d6 8. O-O Bd7 9. Re1 Be7 10.
Nxc6 Bxc6 11. Qg4 g6 12. Qe2 h5 13. h4 Nf6 14. a4 Ng4 15. Nd5 Bxd5 16. exd5 e5 17.
a5 Rc8 18. c3 O-O 19. Bd2 f5 20. Ra4 Qc5 21. Rb4 f4 22. Bf3 fxg3 23. Kg2 Rxf3 24.
Qxf3 Rf8 25. Be3 gxf2 26. Bxf2 Nxf2 27. Qe3 Qxd5+ 0-1

[Event "*** Titled Tuesday 3|2 Blitz"]
[Site "Chess.com"]
[Date "2016.04.05"]
[Round "1"]
[White "LuckyTiger"]
[Black "GregShahade"]
[Result "1-0"]
[WhiteElo "2614"]
[BlackElo "2304"]
[TimeControl "180+2"]
[EndTime "11:05:56 PDT"]
[Termination "LuckyTiger won by resignation"]

1. e4 c5 2. c3 g6 3. d4 cxd4 4. cxd4 d5 5. e5 Bg7 6. Nf3 Bg4 7. Qb3 Qd7 8. Nc3 Bxf3 9. gxf3 e6 10. Nb5 Bf8 11. h4 Nc6 12. Be3 Bb4+ 13. Bd2 Bxd2+ 14. Kxd2 Nge7 15. Bd3 h5 16. Rac1 O-O 17. Qc3 a6 18. Nd6 Nc8 19. Nxb7 Qxb7 20. Qxc6 Qb3 21. axb3 1-0

[Event "*** Titled Tuesday 3|2 Blitz"]
[Site "Chess.com"]
[Date "2016.04.05"]
[Round "1"]
[White "amaidel"]
[Black "PowerThinking2650"]
[Result "1-0"]
[WhiteElo "2460"]
[BlackElo "2116"]
[TimeControl "180+2"]
[EndTime "11:05:56 PDT"]
[Termination "amaidel won by resignation"]

1. e4 e5 2. Nf3 Nc6 3. Nc3 Nf6 4. g3 d5 5. exd5 Nxd5 6. Bg2 Nxc3 7. bxc3 Bd6 8. O-O O-O 9. Re1 Bg4 10. h3 Bh5 11. g4 Bg6 12. d3 f5 13. Ng5 Qd7 14. Rb1 e4 15. dxe4 fxg4 16. Qxg4 Qxg4 17. hxg4 Ne5 18. Rxb7 Nxg4 19. f3 Bc5+ 20. Kh1 Nf2+ 21. Kh2 h6 22.
Ne6 Bb6 23. Nxf8 Rxf8 24. Be3 1-0

[Event "*** Titled Tuesday 3|2 Blitz"]
[Site "Chess.com"]
[Date "2016.04.05"]
[Round "1"]
[White "TomsKantans"]
[Black "FairChess_on_YouTube"]
[Result "0-1"]
[WhiteElo "2360"]
[BlackElo "2715"]
[TimeControl "180+2"]
[EndTime "11:05:59 PDT"]
[Termination "FairChess_on_YouTube won by resignation"]

1. e4 g6 2. d4 Bg7 3. Nc3 d6 4. f4 a6 5. Nf3 b5 6. Bd3 Bb7 7. O-O Nd7 8. e5 e6 9. Qe2 Ne7 10. a3 Nb6 11. Ne4 Nf5 12. c3 Nd5 13. Bd2 h5 14. a4 bxa4 15. Rxa4 Nb6 16. Ra5 O-O 17. Rfa1 Nd5 18. Bxa6 Bxa6 19. Rxa6 Rxa6 20. Rxa6 Qb8 21. b4 Qb7 22. h3 h4 23. exd6 cxd6 24. Nxd6 Nxd6 25.
Rxd6 Qc7 26. Rxd5 exd5 27. Nxh4 Qc6 28. Nf3 Re8 29. Ne5 f6 0-1

[Event "*** Titled Tuesday 3|2 Blitz"]
[Site "Chess.com"]
[Date "2016.04.05"]
[Round "1"]
[White "BjarkeSahl"]
[Black "HKBurwell"]
[Result "0-1"]
[WhiteElo "2107"]
[BlackElo "2438"]
[TimeControl "180+2"]
[EndTime "11:06:04 PDT"]
[Termination "HKBurwell won by resignation"]

1. b3 e5 2. Bb2 Nc6 3. e3 Nf6 4. Nf3 Bd6 5. d4 exd4 6. exd4 O-O 7. Be2 Re8 8. O-O Bf8 9. Nbd2 d5 10. Ne5 Bf5 11.
Nxc6 bxc6 12. Nf3 Bd6 13. Ne5 Qe7 14. Ba6 Bxe5 15. dxe5 Ng4 16. Qf3 Be6 17. h3 Nh6 18. Bb7 Rab8 19. Bxc6 Red8 20. Rad1 Qc5 21. Ba4 Qxc2 22.
Qc3 Qg6 23. f4 Nf5 24. Kh2 d4 25. Qf3 Bd5 26. Qg4 Ne3 27. Qxg6 hxg6 28. Rf2 Nxd1 29. Rd2 Nxb2 0-1

[Event "*** Titled Tuesday 3|2 Blitz"]
[Site "Chess.com"]
[Date "2016.04.05"]
[Round "1"]
[White "alexsuper1987"]
[Black "smurfo"]
[Result "0-1"]
[WhiteElo "2226"]
[BlackElo "2553"]
[TimeControl "180+2"]
[EndTime "11:06:07 PDT"]
[Termination "smurfo won by resignation"]

1. e4 d5 2. exd5 Nf6 3. d4 Bg4 4. f3 Bf5 5. c4 e6 6. Qb3 Nbd7 7.
dxe6 fxe6 8. Ne2 c5 9. d5 exd5 10. cxd5 c4 11. Qe3+ Kf7 12. Nbc3 Bc5 13. Qf4 Bg6 14.
Qxc4 Ne5 15. Qb5 Nd3+ 16. Kd2 Re8 17. Nd4 Nf2 18. Qxc5 Rc8 19. Qb5 Nxh1 20. Bc4 a6 21. d6+ Kf8 22. Qxb7 Rxc4 23. Nc6 Qxd6+ 0-1

[Event "*** Titled Tuesday 3|2 Blitz"]
[Site "Chess.com"]
[Date "2016.04.05"]
[Round "1"]
[White "Canairez"]
[Black "Dlugy"]
[Result "1-0"]
[WhiteElo "2334"]
[BlackElo "2599"]
[TimeControl "180+2"]
[EndTime "11:06:27 PDT"]
[Termination "Canairez won by resignation"]

1. d4 d5 2. c4 dxc4 3. e3 e6 4. Bxc4 a6 5. Nf3 c5 6. O-O Nf6 7. Nc3 b5 8. Bb3 Bb7 9. Re1 Be7 10. Bc2 O-O 11. e4 cxd4 12. Nxd4 b4 13. Na4 Nc6 14.
Be3 Ne5 15. f3 Rc8 16. Rc1 Qa5 17. Qe2 Rfd8 18. Bb3 h6 19. Red1 Rxc1 20. Rxc1 Nfd7 21. h3 Bf6 22. f4 Ng6 23. e5 Be7 24. Nc6 Bxc6 25.
Rxc6 Qb5 26. Qxb5 axb5 27. Nb6 Nxb6 28. Rxb6 Rd3 29. Kf2 Nh4 30. Rb8+ Kh7 31. Bc2 1-0

[Event "*** Titled Tuesday 3|2 Blitz"]
[Site "Chess.com"]
[Date "2016.04.05"]
[Round "1"]
[White "Gergo85"]
[Black "LyonBeast"]
[Result "0-1"]
[WhiteElo "2369"]
[BlackElo "2760"]
[TimeControl "180+2"]
[EndTime "11:06:33 PDT"]
[Termination "LyonBeast won by resignation"]

1. e4 c5 2. Nf3 d6 3. Bb5+ Bd7 4. Bxd7+ Qxd7 5. c4 Nf6 6. Nc3 g6 7. d4 cxd4 8. Nxd4 Bg7 9. f3 Nc6 10. Be3 O-O 11.
O-O a6 12. Nde2 Ne5 13. b3 b5 14. cxb5 axb5 15. a4 bxa4 16. bxa4 Nc4 17. Bd4 Rfc8 18. Nb5 e5 19. Bf2 d5 20. exd5 e4 21. fxe4 Nxe4 22. Bd4 Ncd2 23. Bxg7 Nxf1 24. Bh6 Nxh2 25. Kxh2 Nf2 26.
Qd2 Ng4+ 27. Kh1 Nxh6 28. Qxh6 Qxd5 29. Nbc3 Qe5 30. Qh3 Rc4 31. Rf1 Rac8 32. Rf3 Qe7 33. Re3 Qg5 34. Kg1 Rd8 35. Rd3 Qc5+ 36. Kf1 Re8 37.
Qg3 h5 38. Qf2 Qb4 39. Re3 Rec8 40. Qf3 R8c5 41. Kg1 Kg7 42. Nd5 Qe1+ 43. Kh2 Rh4+ 0-1

[Event "*** Titled Tuesday 3|2 Blitz"]
[Site "Chess.com"]
[Date "2016.04.05"]
[Round "1"]
[White "coalescenet"]
[Black "yarosavich"]
[Result "1/2-1/2"]
[WhiteElo "2198"]
[BlackElo "2509"]
[TimeControl "180+2"]
[EndTime "11:06:33 PDT"]
[Termination "Game drawn by agreement"]

1. d4 d5 2. c4 e6 3. Nc3 Nf6 4.
cxd5 exd5 5. Bg5 Be7 6. e3 c6 7. Bd3 Nbd7 8. Nge2 O-O 9. O-O Re8 10. Qc2 Nf8 11. Rad1 Be6 12. f3 Rc8 13. Kh1 N6d7 14. Bxe7 Qxe7 15. e4 dxe4 16. fxe4 c5 17. d5 c4 18.
dxe6 cxd3 19. exf7+ Qxf7 20. Qxd3 Qc4 21. Qd5+ Qxd5 22.
exd5 a6 23. Nd4 Rcd8 24. Rde1 Rxe1 25. Rxe1 Nf6 26. Ne6 Re8 27. Kg1 Nxd5 28. Nxd5 Rxe6 29. Rxe6 Nxe6 30. Kf2 Kf7 31. Ke3 Nd8 32. Ke4 Ke6 1/2-1/2

[Event "*** Titled Tuesday 3|2 Blitz"]
[Site "Chess.com"]
[Date "2016.04.05"]
[Round "1"]
[White "MinhGTrAn"]
[Black "AttilaTurzo"]
[Result "1-0"]
[WhiteElo "2638"]
[BlackElo "2351"]
[TimeControl "180+2"]
[EndTime "11:06:34 PDT"]
[Termination "MinhGTrAn won by resignation"]

1. d4 d5 2. c4 c6 3. Nc3 Nf6 4. cxd5 cxd5 5. Bf4 a6 6. e3 Nc6 7. Bd3 Bg4 8. Qb3 Na5 9. Qc2 Rc8 10. Nge2 e6 11. O-O Be7 12. Ng3 Nc4 13. Rac1 Bh5 14. Nxh5 Nxh5 15. Be5 Nf6 16. Bxf6 Bxf6 17. e4 dxe4 18.
Nxe4 Nb6 19. Nxf6+ gxf6 20. Qb3 Rxc1 21. Rxc1 O-O 22. Be4 Qxd4 23. Bxb7 a5 24. Rd1 Qc5 25. h3 f5 26. Qg3+ Kh8 27. Qh4 Qe5 28. Rd8 Qg7 29.
Qe7 Kg8 30. Qc7 Qxb2 31. Qg3+ Qg7 32. Rxf8+ 1-0

[Event "*** Titled Tuesday 3|2 Blitz"]
[Site "Chess.com"]
[Date "2016.04.05"]
[Round "1"]
[White "wonderfultime"]
[Black "HZMC92"]
[Result "1-0"]
[WhiteElo "2619"]
[BlackElo "2319"]
[TimeControl "180+2"]
[EndTime "11:06:44 PDT"]
[Termination "wonderfultime won by resignation"]

1. d4 d5 2. c4 e6 3. Nc3 c6 4. Nf3 dxc4 5. a4 Bb4 6. e3 b5 7. Ne5 Nf6 8. Bd2 O-O 9. Be2 a5 10. O-O Qc7 11. axb5 Bxc3 12. b6 Qxb6 13. Bxc3 Nbd7 14.
Nxc4 Qb8 15. Rxa5 Nd5 16. Rxa8 Qxa8 17. Bd2 Ba6 18. Qc2 Qb7 19. Na5 Qb6 20. Bxa6 Qxa6 21. Qxc6 Qxc6 22. Nxc6 Rc8 23. Nb4 N7b6 24. Nxd5 exd5 25.
Rc1 Rb8 26. b3 g6 27. f3 h6 28. Kf2 Kg7 29. e4 Re8 30. Rc6 Rb8 31. Bf4 Rb7 32.
Rc7 Rxc7 33. Bxc7 Nd7 34. b4 Kf6 35. b5 Ke6 36. b6 dxe4 37. fxe4 f5 38. d5+ Ke7 39.
e5 g5 40. b7 f4 41. e6 1-0

[Event "*** Titled Tuesday 3|2 Blitz"]
[Site "Chess.com"]
[Date "2016.04.05"]
[Round "1"]
[White "cheese111"]
[Black "dretch"]
[Result "0-1"]
[WhiteElo "2294"]
[BlackElo "2598"]
[TimeControl "180+2"]
[EndTime "11:06:48 PDT"]
[Termination "dretch won by resignation"]

1. e4 e6 2. d3 d5 3. Qe2 Nc6 4. Nf3 e5 5. exd5 Qxd5 6. Nc3 Bb4 7. Bd2 Bxc3 8. Bxc3 Bg4 9. Rg1 Nge7 10. Qe3 Bxf3 11. Qxf3 Qxf3 12. gxf3 Ng6 13. O-O-O O-O 14.
Re1 Rad8 15. Bh3 Nf4 16. Bf5 Nd4 17. Be4 Nfe2+ 18. Kd2 Nxg1 19. Rxg1 c6 20. f4 f5 21. Bh1 exf4 22. Re1 Kf7 23. Bb4 Rfe8 24. Rxe8 Rxe8 25. c3 Re2+ 26. Kd1 Rxf2 0-1

[Event "*** Titled Tuesday 3|2 Blitz"]
[Site "Chess.com"]
[Date "2016.04.05"]
[Round "1"]
[White "JusticeBot"]
[Black "motivated_bishop"]
[Result "0-1"]
[WhiteElo "2562"]
[BlackElo "2307"]
[TimeControl "180+2"]
[EndTime "11:06:53 PDT"]
[Termination "motivated_bishop won by checkmate"]

1. e4 e5 2. Nf3 Nc6 3. Bc4 Bc5 4. b4 Bxb4 5. c3 Be7 6. d4 Na5 7. Be2 d6 8. Qa4+ c6 9. dxe5 dxe5 10. Nxe5 Nf6 11.
O-O Qc7 12. f4 O-O 13. Nd2 b5 14. Qc2 Bd6 15. Ndf3 Ng4 16. Nxg4 Bxg4 17. e5 Bc5+ 18. Kh1 g6 19. h3 Bf5 20. Bd3 Bxd3 21. Qxd3 Rad8 22.
Qe4 Nc4 23. f5 Rfe8 24. Bf4 Qd7 25. e6 Qd5 26. exf7+ Qxf7 27. Qxc6 Qxf5 28. Qxb5 Na3 29. Bh6 Nxb5 30. Nd4 Qh5 31. Nxb5 Qxh6 32. Nc7 Rf8 33. Rfe1 Rc8 34. Ne6 Rfe8 35. Re4 Bd6 36. Rd1 Ba3 37. Rd7 Re7 38. Rdd4 Rce8 39. Ra4 Rxe6 40. Rxe6 Rxe6 41. Rxa3 Qc1+ 42. Kh2 Qxa3 43. Kg3 Qd6+ 44. Kh4 Qf4+ 45. g4 Qf6+ 46. Kg3 Re3+ 47. Kg2 Qf3+ 48.
Kh2 Qg3+ 49. Kh1 Re1# 0-1

[Event "*** Titled Tuesday 3|2 Blitz"]
[Site "Chess.com"]
[Date "2016.04.05"]
[Round "1"]
[White "Journey_to_GrandMaster_YT"]
[Black "GMNeiksans"]
[Result "0-1"]
[WhiteElo "2343"]
[BlackElo "2637"]
[TimeControl "180+2"]
[EndTime "11:07:02 PDT"]
[Termination "GMNeiksans won by resignation"]

1. d4 Nf6 2. c4 e6 3. Nc3 Bb4 4. e3 b6 5. Ne2 Bb7 6. a3 Be7 7. Ng3 h5 8. h4 g6 9. e4 Ng4 10. Be2 f5 11. exf5 gxf5 12. Bf3 Nc6 13. d5 Nce5 14.
dxe6 Nxf3+ 15. gxf3 dxe6 16. fxg4 Qxd1+ 17. Nxd1 Bxh1 18. Nxh1 hxg4 19. Bf4 O-O-O 20. Ne3 Bf6 21. Rb1 e5 22. Bg3 f4 23. Nxg4 fxg3 24. Nxf6 g2 25. Ke2 Rdf8 26. Nd5 Rxh4 27. Ng3 Rxc4 28. Ne3 Rcf4 29.
Rg1 Rxf2+ 30. Kd3 Rxb2 31. Ne2 Rd8+ 0-1

[Event "*** Titled Tuesday 3|2 Blitz"]
[Site "Chess.com"]
[Date "2016.04.05"]
[Round "1"]
[White "Cecile_Haussernot"]
[Black "jncool68"]
[Result "1/2-1/2"]
[WhiteElo "2165"]
[BlackElo "2496"]
[TimeControl "180+2"]
[EndTime "11:07:02 PDT"]
[Termination "Game drawn by repetition"]

1. e4 c5 2. Nf3 d6 3. d4 cxd4 4. Nxd4 Nf6 5. Nc3 e6 6. g4 h6 7. Bg2 Nc6 8. O-O Nxd4 9. Qxd4 Nxg4 10. f4 Be7 11. h3 Nf6 12. Be3 O-O 13. f5 e5 14. Qd2 b6 15. Rf3 Nh5 16. Bxh6 Nf4 17. Rg3 Bf6 18. Nd5 Nxd5 19. exd5 Kh8 20. Rf1 Ba6 21.
Bxg7+ Bxg7 22. f6 Rg8 23. Qg5 Qf8 24. fxg7+ Rxg7 25. Qh6+ Kg8 26. Rff3 e4 27. Ra3 Be2 28. Kh2 Bf3 29. Rg5 Rxg5 30. Qxg5+ Qg7 31. Qxg7+ Kxg7 32.
Bxf3 exf3 33. Rxf3 Rc8 34. c3 Rc5 35. Rd3 b5 36.
Kg3 a5 37. Kf4 Kf6 38. Ke4 Rc4+ 39. Rd4 Rc8 40. Rd1 Rh8 41. Rf1+ Ke7 42. Rf3 Rh4+ 43. Kf5 Rh5+ 44. Ke4 Rh4+ 45. Kf5 Rh5+ 46. Ke4 Rh4+ 47. Kf5 1/2-1/2

[Event "*** Titled Tuesday 3|2 Blitz"]
[Site "Chess.com"]
[Date "2016.04.05"]
[Round "1"]
[White "Blitzstream"]
[Black "Kawhi_Leonard2"]
[Result "1-0"]
[WhiteElo "2436"]
[BlackElo "2088"]
[TimeControl "180+2"]
[EndTime "11:07:02 PDT"]
[Termination "Blitzstream won by resignation"]

1. d4 Nf6 2. Bg5 d5 3. e3 Nbd7 4. c4 e6 5. Nc3 h6 6. Bh4 Be7 7.
Nf3 O-O 8. Bd3 dxc4 9. Bxc4 a6 10. O-O b5 11. Bd3 Bb7 12. a3 c5 13. dxc5 Nxc5 14. Bc2 Nfe4 15. Qxd8 Bxd8 16. Nxe4 Bxe4 17. Bxe4 Nxe4 18.
Bxd8 Rfxd8 19. Rac1 Rac8 20. h3 Kf8 21. Rfe1 f6 22. Kf1 e5 23. Ke2 Ke7 24. Red1 g6 25. h4 Nd6 26. Nd2 h5 27. g3 Nb7 28. Nb3 Nd6 29.
Nc5 Nc4 30. Rxd8 Rxd8 31. Rc2 a5 32. a4 Nd6 33. axb5 Nxb5 34. Nb7 Ra8 35. Rc5 Nd6 36. Nxa5 Rb8 37. Nc6+ 1-0

[Event "*** Titled Tuesday 3|2 Blitz"]
[Site "Chess.com"]
[Date "2016.04.05"]
[Round "1"]
[White "Paralinch"]
[Black "Rating-Schmating"]
[Result "1-0"]
[WhiteElo "2565"]
[BlackElo "2237"]
[TimeControl "180+2"]
[EndTime "11:07:16 PDT"]
[Termination "Paralinch won by checkmate"]

1. e4 e6 2. d4 d5 3. Nc3 Bb4 4. e5 c5 5. a3 Bxc3+ 6. bxc3 Qc7 7. Nf3 Nc6 8. h4 Nge7 9. h5 Nf5 10. g4 Nfe7 11.
h6 gxh6 12. Bxh6 cxd4 13. cxd4 Rg8 14. Be3 Rxg4 15. Rxh7 Nf5 16. Rh8+ Ke7 17. Qd2 Nxe3 18. fxe3 Qa5 19. Qxa5 Nxa5 20. Kf2 b6 21. Bd3 Bb7 22. Rah1 Rgg8 23. R8h7 Nc4 24. R1h6 Raf8 25. Bxc4 dxc4 26.
Rf6 Bxf3 27. Rxf3 Rh8 28. Rfh3 Rxh7 29. Rxh7 Rg8 30. e4 Rg4 31. Kf3 Rg1 32. d5 exd5 33. exd5 Rd1 34. Ke4 Re1+ 35. Kd4 Kf8 36. Rh8+ Kg7 37.
Ra8 a5 38. Ra6 Re2 39. c3 Rd2+ 40. Kxc4 b5+ 41. Kc5 Rd3 42. Rxa5 Rxc3+ 43. Kxb5 Re3 44. Kc6 Rxe5 45. Rc5 Kf8 46. d6 Re1 47. Kc7 Rd1 48.
d7 Ke7 49. Re5+ Kf6 50. Re8 Rc1+ 51. Kb6 Rb1+ 52. Kc5 Rc1+ 53. Kb4 Rd1 54. d8=Q+ Rxd8 55. Rxd8 Ke5 56. Rd1 f5 57. a4 f4 58. a5 f3 59.
a6 f2 60. Rf1 Ke4 61. Rxf2 Ke3 62. Rb2 Kd3 63. Rb3+ Kd4 64. Rc3 Kd5 65. Rc5+ Kd6 66.
a7 Kd7 67. a8=Q Ke7 68. Qb7+ Kd6 69. Qb6+ Kd7 70. Rc7+ Kd8 71. Qb8# 1-0

[Event "*** Titled Tuesday 3|2 Blitz"]
[Site "Chess.com"]
[Date "2016.04.05"]
[Round "1"]
[White "joppie2"]
[Black "AndrewMcStone"]
[Result "1-0"]
[WhiteElo "2391"]
[BlackElo "1936"]
[TimeControl "180+2"]
[EndTime "11:07:25 PDT"]
[Termination "joppie2 won by checkmate"]

1. e4 d5 2. exd5 Nf6 3. Nf3 Bg4 4. Be2 Qxd5 5. Nc3 Qf5 6. h3 Bxf3 7. Bxf3 Nc6 8. O-O e6 9. d3 Bd6 10. Bxc6+ bxc6 11.
Qe2 g5 12. Ne4 Kd7 13. g4 Qg6 14. Bd2 Nd5 15. c4 Nf4 16. Bxf4 gxf4 17. f3 h5 18. d4 hxg4 19. hxg4 Rh3 20. Kg2 Rah8 21. Rh1 Rxh1 22. Rxh1 Rxh1 23. Kxh1 Qh7+ 24. Qh2 Qg7 25.
Qd2 Be7 26. Kg2 Kc8 27. b3 f5 28.
Nf2 fxg4 29. Nxg4 Qh7 30. Qe2 Qh4 31. Qxe6+ Kb7 32. Ne5 Qg3+ 33. Kf1 Bh4 34. Qxc6+ Kc8 35. Qa8# 1-0

[Event "*** Titled Tuesday 3|2 Blitz"]
[Site "Chess.com"]
[Date "2016.04.05"]
[Round "1"]
[White "Saitama_Hero"]
[Black "igorkovalenko"]
[Result "0-1"]
[WhiteElo "2257"]
[BlackElo "2571"]
[TimeControl "180+2"]
[EndTime "11:07:26 PDT"]
[Termination "igorkovalenko won by resignation"]

1. d3 d5 2. Nf3 Nc6 3. g3 e5 4. Bg2 Nf6 5. O-O Be7 6. c3 O-O 7. Nbd2 a5 8. e4 Re8 9. Qc2 Be6 10. Re1 Bc5 11. h3 Qd7 12. Ng5 d4 13. Nxe6 fxe6 14.
Nb3 Bb6 15. c4 a4 16. Nd2 Nb4 17. Qb1 Ba5 18. Nf3 Nc6 19. Rd1 Rf8 20. Qc2 Bb4 21.
a3 Be7 22. b4 axb3 23. Qxb3 b6 24. Bd2 Bc5 25. a4 Qd6 26. Ra2 Nd7 27. h4 Bb4 28. Ng5 Bxd2 29. Rdxd2 Nc5 30. Qd1 Rf6 31. Qh5 h6 32.
Nf3 Raf8 33. Nh2 Nb4 34. Ra3 Nc6 35. Ng4 R6f7 36. Qg6 Kh8 37. Raa2 Nd7 38. Bh3 Nf6 39. Rab2 Ne7 40. Nxf6 0-1

[Event "*** Titled Tuesday 3|2 Blitz"]
[Site "Chess.com"]
[Date "2016.04.05"]
[Round "1"]
[White "chessbia"]
[Black "lionheart95"]
[Result "0-1"]
[WhiteElo "1994"]
[BlackElo "2393"]
[TimeControl "180+2"]
[EndTime "11:07:44 PDT"]
[Termination "lionheart95 won on time"]

1. d4 d5 2. c4 e6 3. Nc3 Nf6 4. cxd5 exd5 5. Bg5 Be7 6. Qc2 c6 7. e3 Nbd7 8. Bd3 Nh5 9. Bxe7 Qxe7 10. Bxh7 g6 11.
Bxg6 fxg6 12. Qxg6+ Qf7 13. Qc2 Ndf6 14. Nf3 Rg8 15. Ne5 Qh7 16. Qxh7 Nxh7 17. g3 Be6 18. h3 O-O-O 19. g4 N5f6 20. f4 Kb8 21. O-O-O Bc8 22.
g5 Nh5 23. Rdg1 Bf5 24. Ne2 Nf8 25. Ng3 Nxg3 26. Rxg3 Ng6 27. h4 Rh8 28. h5 Nxe5 29.
dxe5 Rdg8 30. Kd2 Kc7 31. Rh2 Kd7 32. Rgg2 Ke6 33. Kc3 Rg7 34. b4 Rgh7 35. h6 Bg6 36. Kd4 Rf8 37. a4 b6 38. Rg1 Rc8 39. Rc1 Rhc7 40. e4 Bxe4 41. a5 c5+ 42. bxc5 bxc5+ 43. Ke3 Bg6 44. Rb2 d4+ 45. Kf3 c4 46. Kg4 c3 47.
Rf2 Bf5+ 48. Kh5 Rg8 49. Rg2 Bg6+ 50. Kh4 d3 51. f5+ Bxf5 52. Rf1 Rc4+ 0-1